 Dungeon Crawl Stone Soup version 0.30-b1-2-g02819fbbbe (webtiles) character file.

Game seed: 12808345180063662334

17 inmateoo the Scratcher (level 2, -2/12 HPs)
             Began as a Felid Transmuter on Aug 26, 2023.
             Slain by a quokka (5 damage)
             ... on level 1 of the Dungeon.
             The game lasted 00:01:35 (295 turns).

inmateoo the Scratcher (Felid Transmuter)            Turns: 295, Time: 00:01:35

Health: -2/12      AC:  1    Str:  6    XL:     2   Next: 44%
Magic:  6/6        EV: 17    Int: 14    God:
Gold:   49         SH:  0    Dex: 16    Spells: 2/5 levels left
                                        Lives:  0   Deaths: 0

rFire   . .          .
                       - Unarmed
rCold   . . .        (shield unavailable)
rNeg    . . .        (body armour unavailable)
rPois   .            (helmet unavailable)
rElec   .            (cloak unavailable)
rCorr   .            (gloves unavailable)
SInv    +            (boots unavailable)
Will    .....        (no amulet)
Stlth   ++           (no ring)
HPRegen 0.22/turn    (no ring)
MPRegen 0.10/turn

%: no passive effects
@: appendages (expiring), quick
A: horns 2, very small, claws 1, fangs 3, see invisible, speed 1, shaggy fur 1,
stealthy paws, no weapons or thrown items, no armour, multi-lived
a: End Transformation


You were on level 1 of the Dungeon.
You had temporarily grown beastly horns.
You visited 1 branch of the dungeon, and saw 1 of its levels.

You collected 49 gold pieces.

Inventory:

Scrolls
 b - a scroll of vulnerability {unknown}
 c - a scroll of amnesia {unknown}
 d - a scroll of immolation {unknown}
 f - a scroll of teleportation {unknown}
 g - a scroll of blinking {unknown}
Potions
 a - 2 potions of lignification
 e - a potion of mutation {unknown}


   Skills:
 - Level 1.0 Fighting
 - Level 3.0 Dodging
 + Level 1.4 Stealth
 - Level 3.3 Unarmed Combat
 + Level 2.1 Spellcasting
 - Level 2.2 Transmutations


You had 2 spell levels left.
You knew the following spells:

 Your Spells              Type           Power      Damage    Failure   Level
a - Beastly Appendage     Tmut           14%        N/A       10%         1
b - Wereblood             Tmut           7%         N/A       14%         2

Your spell library contained the following spells:

 Spells                   Type           Power      Damage    Failure   Level
 Spider Form              Tmut/Pois      4%         N/A       41%         3
 Ice Form                 Ice/Tmut       4%         N/A       83%         4
 Leda's Liquefaction      Hex/Erth       0%         N/A       93%         4
 Lee's Rapid Deconstruct  Erth           0%         3d4*      100%        5
 Statue Form              Tmut/Erth      2%         N/A       100%        6


Dungeon Overview and Level Annotations

Branches:
Dungeon (1/15)

Altars:

Annotations:
D:1 2 transporters


Innate Abilities, Weirdness & Mutations

You have temporarily grown beastly horns.
You have sharp claws.
You have razor-sharp teeth.
You have supernaturally acute eyesight. (SInv)
You cover ground quickly. (Speed+)
You are covered in fur. (AC +1)
Your paws help you pounce on unaware monsters.
You are incapable of wielding weapons or throwing items.
You cannot wear armour.
You gain extra lives every three experience levels.


Message History

e - a fuming sapphire potion
f - a scroll labelled BAL YWUECZOO
Things that are here:
a rat corpse; a quokka corpse
Items here: )) ††.
g - a scroll labelled HUNWIM RITUATH No target in view!
No target in view!
A goblin comes into view. It is wielding a +0 club.
The goblin shouts!
The goblin moves out of view.
You pick up a book of the Earth and begin reading...
You add the spells Leda's Liquefaction, Lee's Rapid Deconstruction and Statue Form to your library.
A hobgoblin comes into view.
A dart slug comes into view.
Unknown command.
Cast which spell? (? or * to list)
You grow a pair of large bovine horns.
The hobgoblin shouts!
A quokka comes into view.
The goblin misses you.
You scratch the goblin.
You kill the goblin!
You see here a +0 club.
Your transformation is almost over.
The hobgoblin hits you but does no damage.
You closely miss the hobgoblin. The hobgoblin closely misses you.
You closely miss the hobgoblin. You headbutt the hobgoblin.
The hobgoblin is severely wounded.
The hobgoblin hits you.
You scratch the hobgoblin.
You kill the hobgoblin!
You scratch the quokka but do no damage.
Your bite misses the quokka. The quokka misses you.
You closely miss the quokka. Your bite misses the quokka. The quokka bites you.
* * * LOW HITPOINT WARNING * * *
You scratch the quokka.
The quokka is severely wounded.
The quokka bites you.
You die...

### ##### #.# #.....
#.# #...... #.# .......
#.# ....... #.#
######....... #####.#
###...@rw......
#...#.###...####.......
#...#.....### #......
#...#..#### #.....
#.....###.. .....
##...## #.### ####
####.#.# #...#######
.......# #.........#
####>..####....####.#


You could see a dart slug and a quokka.

Vanquished Creatures
  A dart slug (D:1)
  A ball python (D:1)
  2 endoplasms (D:1)
  2 goblins (D:1)
  2 hobgoblins (D:1)
  2 quokkas (D:1)
  A kobold (D:1)
  2 rats (D:1)
13 creatures vanquished.

Notes
Turn   | Place    | Note
-------+----------+-------------------------------------------
     0 | D:1      | inmateoo the Felid Transmuter began the quest for the Orb.
     0 | D:1      | Reached XP level 1. HP: 9/9 MP: 4/4
    58 | D:1      | Reached XP level 2. HP: 8/12 MP: 6/6
   123 | D:1      | Reached skill level 1 in Stealth
   140 | D:1      | Learned a level 2 spell: Wereblood
   295 | D:1      | Slain by a quokka

Illustrated notes

Levels and vault maps discovered:
D:1:      spicycebolla_arrival_transporter_tutorial, layout_rooms

Skill      XL: |  1  2 |
---------------+-------+-----
Dodging        | 3 |  3.0
Stealth        | 1 |  1.4
Fighting       | |  1.0
Unarmed Combat | |  3.3
Spellcasting   | |  2.1
Transmutations | |  2.2

Action                     || total
---------------------------++-------
  Melee: Unarmed           ||    31
         Bite              ||     3
         Headbutt          ||     1
   Cast: Beastly Appendage ||     1
 Armour: Skin              ||     3
  Dodge: Dodged            ||    15
